 Dungeon Crawl Stone Soup version 0.31-a0-188-g5e087ee2ca (webtiles) character file.

Game seed: 2313890907828421757

74 qw the Shooter (level 4, -1/25 HPs)
             Began as a Deep Elf Hunter on June 23, 2023.
             Slain by a goblin
             ... wielding a +0 club
             ... led by Robin
              (5 damage)
             ... on level 3 of the Dungeon.
             The game lasted 00:00:41 (1722 turns).

qw the Shooter (Deep Elf Hunter)                    Turns: 1722, Time: 00:00:42

Health: -1/25      AC:  5    Str: 10    XL:     4   Next: 10%
Magic:  6/6        EV: 13    Int: 14    God:
Gold:   137        SH:  0    Dex: 24    Spells: 3/3 levels left

rFire   . . .        Y - +0 shortbow
rCold   . . .        (shield currently unavailable)
rNeg    . . .        c - +0 leather armour
rPois   .            (no helmet)
rElec   .            (no cloak)
rCorr   .            e - +0 pair of gloves
SInv    .            b - +0 pair of boots
Will    .....        (no amulet)
Stlth   ++           j - +6 ring of dexterity
HPRegen 0.24/turn    (no ring)
MPRegen 0.10/turn

%: no passive effects
@: no status effects
A: no striking features
a: no special abilities


You were on level 3 of the Dungeon.
You visited 1 branch of the dungeon, and saw 3 of its levels.

You collected 137 gold pieces.


   Skills:
 - Level 1.5 Fighting
 + Level 7.2 Ranged Weapons
 - Level 3.0 Dodging
 - Level 1.2 Stealth


You had 3 spell levels left.
You didn't know any spells.
Your spell library was empty.

Inventory:

Hand Weapons
 Y - a +0 shortbow (weapon)
Armour
 b - a +0 pair of boots (worn)
 c - a +0 leather armour (worn)
 e - a +0 pair of gloves (worn)
Jewellery
 j - a +6 ring of dexterity (left hand)
Scrolls
 d - a scroll of vulnerability {unknown}
 h - a scroll of immolation {unknown}
Potions
 a - a potion of lignification {unknown}
 f - a potion of ambrosia {unknown}
 g - a potion of mutation {unknown}
 k - a potion of magic {unknown}
 l - a potion of resistance {unknown}

Dungeon Overview and Level Annotations

Branches:
Dungeon (3/15)

Altars:

Shops:
D:1 *:=[

Annotations:
D:3 Natasha, Robin


Message History

The goblin hits you with a +0 dagger.
You shoot an arrow. The arrow hits the hobgoblin!
You kill the hobgoblin!
The goblin completely misses you.
Natasha, Servant of Life and Death comes into view.
Robin roars a battlecry!
The goblins go into a battle-frenzy!
1713 ||| Stepping ~*~*~tactically~*~*~ (outnumbered).
The goblin barely misses you.
You shoot an arrow. The arrow hits the goblin!
You kill the goblin!
The goblin hits you with a +0 club.
You shoot an arrow. The arrow hits the hobgoblin!
You kill the hobgoblin!
The goblin misses you.
You shoot an arrow. The arrow hits the goblin.
You kill the goblin!
Robin throws the goblin at you! The goblin hits you with a +0 club.
You shoot an arrow. The arrow completely misses the goblin.
The goblin hits you with a +0 club. The goblin hits you but does no damage.
You shoot an arrow. The arrow barely misses Robin.
The arrow hits the hobgoblin!
You kill the hobgoblin!
The goblin barely misses you. x2
You shoot an arrow. The arrow barely misses Robin.
The arrow hits Natasha.
Natasha is lightly wounded.
The goblin hits you with a +0 club. The goblin barely misses you.
You shoot an arrow.
The arrow hits Robin but does no damage.
The goblin hits you with a +0 club. The goblin hits you but does no damage.
Robin hits you with a +4 short sword.
You shoot an arrow. The arrow barely misses Robin.
The arrow hits Natasha but does no damage.
Natasha is lightly wounded.
Natasha casts a spell.
The goblin closely misses you. Robin hits you with a +4 short sword.
The goblin hits you with a +0 club.
You shoot an arrow. The arrow hits Robin.
Robin is moderately wounded.
The goblin hits you with a +0 club.
You die...

####### ......#
###......# ........#
#################g......#
............)..g@gh.....#
##################w5....#
..$...# g)....# ......#
.w..)./ ### ....... ..#
##. ..h.... ..##...


You could see a worm, Robin, Natasha, a cerulean imp (summoned) and 2 goblins.

Vanquished Creatures
  A gnoll (D:1)
  3 worms (D:2)
  A dart slug (D:1)
  4 bats
  2 endoplasms (D:1)
  3 giant cockroaches
  10 goblins
  6 hobgoblins (D:3)
  2 jackals (D:2)
  3 quokkas
  4 ball pythons
  A frilled lizard (D:1)
  2 kobolds (D:3)
  8 rats
50 creatures vanquished.

Notes
Turn   | Place    | Note
-------+----------+-------------------------------------------
     0 | D:1      | qw the Deep Elf Hunter began the quest for the Orb.
     0 | D:1      | Reached XP level 1. HP: 12/12 MP: 3/3
     0 | D:1      | 0 ||| qw: Version: 0.3-a-9-g12657ce
     0 | D:1      | 0 ||| qw: Game counter: 4326
     0 | D:1      | 0 ||| qw: Always use a shield: true
     0 | D:1      | 0 ||| qw: God list: Okawaru
     0 | D:1      | 0 ||| qw: Allow faded altars: false
     0 | D:1      | 0 ||| qw: Do Orc after D:15 true
     0 | D:1      | 0 ||| qw: Do second Lair branch before Depths: true
     0 | D:1      | 0 ||| qw: Lair rune preference: random
     0 | D:1      | 0 ||| qw: Plans: Normal
     0 | D:1      | 0 ||| PLANNING D:1-11
    18 | D:1      | Found Fakasul's Armour Shop.
    30 | D:1      | 30 ||| SHOPLISTING +0 scale mail (40 gold, have 0).
    30 | D:1      | 30 ||| SHOPLISTING +0 swamp dragon scales (500 gold, have
                  | 0).
    30 | D:1      | 30 ||| SHOPLISTING +1 leather armour of positive energy
                  | (110 gold, have 0).
    30 | D:1      | 30 ||| SHOPLISTING +1 ring mail of poison resistance (130
                  | gold, have 0).
    59 | D:1      | Reached XP level 2. HP: 16/16 MP: 4/4
    76 | D:1      | Found Ekketritt's Jewellery Emporium.
    76 | D:1      | Found Goderghotee's Book Emporium.
    82 | D:1      | Reached skill level 6 in Ranged Weapons
    84 | D:1      | Found Votoell's General Store.
   109 | D:1      | 109 ||| SHOPLISTING +4 ring of protection (432 gold, have
                  | 5).
   109 | D:1      | 109 ||| SHOPLISTING +4 ring of slaying (936 gold, have 5).
   109 | D:1      | 109 ||| SHOPLISTING amulet of reflection (360 gold, have
                  | 5).
   109 | D:1      | 109 ||| SHOPLISTING ring of see invisible (180 gold, have
                  | 5).
   124 | D:1      | 124 ||| SHOPLISTING potion of curing (42 gold, have 5).
   124 | D:1      | 124 ||| SHOPLISTING scroll of brand weapon (133 gold, have
                  | 5).
   124 | D:1      | 124 ||| SHOPLISTING scroll of identify (28 gold, have 5).
   330 | D:1      | HP: 4/16 [gnoll/+0 club (7)]
   748 | D:1      | 748 ||| UPGRADING to +0 pair of gloves.
   753 | D:1      | 753 ||| UPGRADING to +6 ring of dexterity.
   754 | D:1      | 754 ||| READING scroll labelled PAYNWA TESIBIOCAU.
   755 | D:1      | 755 ||| READING scroll labelled PYXUKOS SIQA.
   756 | D:1      | 756 ||| READING scroll labelled USMAON SUJI.
   757 | D:1      | 757 ||| READING scroll labelled ORITTO LEGAMO.
   758 | D:1      | 758 ||| DROPPING scroll of butterflies.
   760 | D:1      | 760 ||| Stepping ~*~*~tactically~*~*~ (cloud).
   765 | D:1      | HP: 4/16 [poisoned by you (poison gas)]
   932 | D:2      | Reached XP level 3. HP: 20/20 MP: 5/5
  1255 | D:2      | Reached skill level 7 in Ranged Weapons
  1478 | D:2      | 1478 ||| UPGRADING to +0 pair of boots.
  1483 | D:2      | 1483 ||| READING scroll labelled IGUSHA BAQOF.
  1484 | D:2      | 1484 ||| READING scroll labelled OWUTRUCHENT.
  1485 | D:2      | 1485 ||| READING scroll labelled GOEZEM QUMIZAMM.
  1578 | D:3      | 1578 ||| FLEEEEING.
  1583 | D:3      | 1583 ||| FLEEEEING.
  1584 | D:3      | 1584 ||| FLEEEEING.
  1585 | D:3      | 1585 ||| FLEEEEING.
  1586 | D:3      | 1586 ||| FLEEEEING.
  1587 | D:3      | 1587 ||| FLEEEEING.
  1588 | D:3      | 1588 ||| FLEEEEING.
  1589 | D:3      | 1589 ||| FLEEEEING.
  1590 | D:3      | 1590 ||| FLEEEEING.
  1592 | D:3      | Reached skill level 3 in Dodging
  1708 | D:3      | Noticed Robin
  1711 | D:3      | Reached XP level 4. HP: 25/25 MP: 6/6
  1712 | D:3      | Noticed Natasha
  1713 | D:3      | 1713 ||| Stepping ~*~*~tactically~*~*~ (outnumbered).
  1721 | D:3      | HP: 6/25 [Robin/+4 short sword (1)]
  1722 | D:3      | Slain by a goblin

Levels and vault maps discovered:
D:1:      dpeg_arrival_line_fractal, layout_basic, serial_shops,
          nicolae_shop_getting_attention, shop, shop,
          nicolae_shop_advertising_works [nicolae_subvault_shop_adworks],
          solitary_fountain, minmay_misc_feat_tiny
D:2:      layout_loops_ring, kennysheep_generic_room_14
D:3:      layout_rooms, uniq_natasha, uniq_robin

Skill      XL: |  1  2  3 |
---------------+----------+-----
Ranged Weapons | 6 7 |  7.2
Dodging        | 3 |  3.0
Fighting       | |  1.5
Stealth        | |  1.2

Action                     |  1- 3 |  4- 6 || total
---------------------------+-------+-------++-------
   Fire: Shortbow          |   105 |    11 ||   116
    Use: Scroll            |     7 |       ||     7
 Armour: Leather armour    |     4 |     4 ||     8
  Dodge: Dodged            |    13 |     7 ||    20

Table legend:
 A = Non-vault XP
 B = Vault XP
 C = Vault XP percentage of total XP
 D = Non-vault monster count
 E = Vault monster count
 F = Vault count percentage of total count
                 A         B        C        D         E       F
            +---------+---------+-------+---------+---------+-------
      Total |      91 |      16 |  15.0 |      41 |       9 |  18.0
            +---------+---------+-------+---------+---------+-------
        D:1 |      38 |       0 |   0.0 |      15 |       0 |   0.0
        D:2 |      30 |       2 |   6.2 |      12 |       1 |   7.7
        D:3 |      23 |      14 |  37.8 |      14 |       8 |  36.4
            +---------+---------+-------+---------+---------+-------
